Map: Ulrena

Players

Fayt

  • Race: Zerg Zerg

Flaesher

  • Race: Zerg Zerg

CaveMan

  • Race: Zerg Zerg

TheHoff

  • Race: Zerg Zerg

VOD

Have the link to the VOD?

Description

Time

  • Played on: Nov. 11, 2015, 3:15 p.m.
  • Length: 5:58
Show
View Real Time Build Order
Export as new Build Order

Fayt Zerg 

Build Orders: Hatch First 

Get SALT Encoding   

  12  0:01  Drone  
  13  0:12  Drone  
  14  0:17  Overlord  
  14  0:31  Drone, Extractor  
  14  0:37  Drone x2  
  16  0:45  Drone  
  17  1:04  Drone  
  18  1:08  Hatchery  
  17  1:12  Drone  
  17  1:18  Drone  
  19  1:32  Spawning Pool  
  18  1:33  Drone  
  18  1:38  Drone  
  20  1:49  Overlord  
  20  1:59  Extractor  
  20  2:00  Drone  
  20  2:10  Drone  
  21  2:19  Queen  
  24  2:22  Drone  
  24  2:25  Zergling x2  
  24  2:28  Metabolic Boost  
  25  2:32  Drone  
  25  2:34  Queen  
  28  2:42  Drone  
  29  2:45  Zergling x4  
  31  2:52  Drone  
  31  2:55  Overlord  
  32  3:09  Drone  
  32  3:10  Drone  
  34  3:18  Zergling x2  
  35  3:27  Lair  
  35  3:29  Drone  
  35  3:30  Roach Warren  
  35  3:32  Zergling x4  
  35  3:33  Drone x2, Zergling x2  
  40  3:40  Extractor  
  39  3:42  Drone  
  40  3:50  Drone  
  40  3:51  Drone, Baneling Nest  
  40  3:55  Overlord  
  40  4:04  Overlord  
  40  4:07  Drone  
  39  4:18  Drone x3  
  39  4:28  Zergling x2  
  39  4:29  Zergling x2  
  41  4:33  Zergling x2  
  42  4:38  Drone  
  42  4:39  Overlord  
  42  4:41  Hatchery, Zergling x2  
  42  4:43  Drone  
  44  4:56  Drone  
  44  4:57  Drone x2  
  47  5:19  Drone x2  
  49  5:23  Drone x4  
  49  5:24  Drone  
  49  5:27  Overlord  
  52  5:36  Evolution Chamber  
  50  5:43  Extractor  
Show
View Real Time Build Order
Export as new Build Order

Flaesher Zerg 

Build Orders: Pool First 

Get SALT Encoding   

  12  0:03  Drone  
  13  0:12  Overlord  
  13  0:20  Drone  
  14  0:31  Drone x2  
  16  0:40  Drone  
  17  0:46  Spawning Pool  
  16  0:53  Drone  
  17  1:02  Drone  
  18  1:15  Hatchery  
  17  1:20  Extractor  
  17  1:21  Drone  
  17  1:26  Drone  
  18  1:33  Queen  
  20  1:45  Overlord  
  20  1:56  Drone x2  
  22  2:13  Zergling x4  
  24  2:21  Metabolic Boost  
  24  2:27  Queen  
  24  2:29  Drone x2  
  28  2:39  Drone  
  28  2:40  Drone  
  30  2:51  Roach Warren  
  30  2:57  Zergling x8  
  33  3:05  Queen  
  35  3:07  Overlord  
  35  3:14  Drone  
  35  3:23  Drone  
  35  3:24  Overlord  
  36  3:37  Drone x6  
  36  3:38  Drone x2  
  44  3:52  Lair  
  44  3:59  Drone x2  
  44  4:00  Drone  
  47  4:06  Extractor  
  47  4:07  Extractor  
  44  4:10  Roach x3  
  46  4:27  Roach x2  
  46  4:28  Overlord  
  46  4:29  Overlord  
  50  4:41  Evolution Chamber  
  50  4:42  Evolution Chamber  
  48  4:49  Roach  
  48  4:50  Roach x5  
  60  5:05  Roach  
  60  5:06  Roach x2  
  66  5:09  Drone  
  67  5:18  Drone, Extractor  
  67  5:36  Overlord x3  
  67  5:39  Spore Crawler  
  67  5:41  Spore Crawler  
Show
View Real Time Build Order
Export as new Build Order

CaveMan Zerg 

Build Orders:  

Get SALT Encoding   

Show
View Real Time Build Order
Export as new Build Order

TheHoff Zerg 

Build Orders:  

Get SALT Encoding   

Tags
 
Add a new tag
Caveats
  • Supply blocks, unpowered buildings, or Contaminate may cause inaccurate times.
  • Supply counts are checked every 10 seconds.